 Dungeon Crawl Stone Soup version 0.18.1-48-g4cf74bf (webtiles) character file.

54 Implojin the Chopper (level 3, 0/46 HPs)
             Began as a Minotaur Fighter on June 29, 2016.
             Succumbed to an adder's poison
             ... on level 5 of the Dungeon.
             The game lasted 00:03:17 (451 turns).

Implojin the Chopper (Minotaur Fighter)              Turns: 451, Time: 00:03:17

Health: 0/46       AC: 21    Str: 25    XL:     3   Next: 66%
Magic:  2/2        EV:  2    Int:  5    God:
Gold:   9          SH:  9    Dex: 10    Spells: 0 memorised, 2 levels left

rFire  . . .     SeeInvis .     a - +0 war axe
rCold  . . .     Gourm    .     (armour currently unavailable)
rNeg   + + +     Faith    +     c - +0 shield
rPois  +         Spirit   .     (helmet currently unavailable)
rElec  .         Dismiss  .     (cloak currently unavailable)
rCorr  .         Reflect  .     (gloves currently unavailable)
SustAt .         Harm     .     (boots currently unavailable)
MR     .....     NoTele   +     i - amulet of faith
Stlth  +.........               (no ring)
                                (no ring)

@: mighty, lethally poisoned (0 -> -3), tree-form, very slightly contaminated,
hasted, very quick, not resistant to hostile enchantments, very unstealthy
A: (retaliatory headbutt), (beak), (horns 0), blink
a: Blink


You were on level 5 of the Dungeon.
You were not hungry.
You were a tree.
You visited 1 branch of the dungeon, and saw 6 of its levels.

You collected 42 gold pieces.
You spent 33 gold pieces at shops.

Inventory:

Hand Weapons
 a - a +0 war axe (weapon)
Armour
 b - a +0 scale mail
 c - a +0 shield (worn)
 l - a +0 ring mail (melded)
Jewellery
 i - an amulet of faith (around neck)
Wands
 m - a wand of slowing (24/48)
 p - a wand of iceblast (6/15)
Scrolls
 h - a scroll of amnesia {unknown}
 k - a scroll of identify {unknown}
 r - a scroll of random uselessness {unknown}
 s - a scroll of fog {unknown}
 t - 2 scrolls of teleportation
Potions
 e - a potion of haste
 j - a potion of mutation
Comestibles
 f - a bread ration
 g - a royal jelly
 n - a slice of pizza


   Skills:
 - Level 3.6 Fighting
 * Level 4.9 Axes
 - Level 3.6 Armour
 - Level 3.6 Shields


You had 2 spell levels left.
You didn't know any spells.

Dungeon Overview and Level Annotations

Branches:
Dungeon (6/15)
 Temple: D:4-7

Altars:

Shops:
D:5 *


Innate Abilities, Weirdness & Mutations

((You reflexively headbutt those who attack you in melee.))
((You have a pair of horns on your head.))
((You have a beak for a mouth.))
You can translocate small distances at will.


Message History

As you read the scroll of teleportation, it crumbles to dust.
You feel strangely unstable. The adder bites you.
* * * LOW HITPOINT WARNING * * *
You are lethally poisoned!
The adder poisons you!
* * * LOW HITPOINT WARNING * * *
You feel sick.
Drink which item? (? for menu, Esc to quit)
It was a potion of haste.
You feel yourself speed up.
Your surroundings suddenly seem different.
A gnoll sergeant comes into view. It is wielding a trident of protection.
The gnoll sergeant shouts!
A gnoll comes into view. It is wielding a halberd.
The gnoll shouts!
A gnoll comes into view.
The gnoll shouts!
You are very lightly contaminated with residual magic.
Found a bread ration.
Drink which item? (? for menu, Esc to quit)
It was a potion of mutation.
You feel extremely strange.
You feel jittery.
Your mouth lengthens and hardens into a beak!
* * * LOW HITPOINT WARNING * * *
You feel sick.
Drink which item? (? for menu, Esc to quit)
It was a potion of lignification.
You turn into a tree.
Your +0 ring mail melds into your body.
Your roots penetrate the ground.
A worker ant zombie comes into view.
Drink which item? (? for menu, Esc to quit)
You feel very mighty all of a sudden. You block the gnoll's attack.
Drink which item? (? for menu, Esc to quit)
Okay, then.
Read which item? (? for menu, Esc to quit)
You don't have any such object.
Read which item? (? for menu, Esc to quit)
Okay, then.
Read which item? (? for menu, Esc to quit)
You cannot teleport because you are held in place by your roots.
You die...

.# ... . .##
. .# .## ####
# # #.. .....
#.###.##g%.Z.
#............
#......g.g.#
#♣# #.# #.#
#.# #.# #.#
#.. #.# #.
..#.


You could see a gnoll sergeant, 2 gnolls and a worker ant zombie.

Vanquished Creatures
  An adder (D:2)
  A worm (D:1)
  8 dart slugs (D:3)
  An orc (D:5)
  2 bats
  A giant cockroach (D:2)
  2 goblins (D:2)
  5 jackals
  2 giant newts
  A kobold (D:2)
  2 rats (D:2)
26 creatures vanquished.

Notes
Turn   | Place    | Note
--------------------------------------------------------------
     0 | D:1      | Implojin the Minotaur Fighter began the quest for the Orb.
     0 | D:1      | Reached XP level 1. HP: 19/19 MP: 0/0
    21 | D:2      | Reached skill level 3 in Axes
    27 | D:2      | Reached XP level 2. HP: 24/26 MP: 1/1
   101 | D:2      | Reached skill level 4 in Axes
   222 | D:3      | Reached XP level 3. HP: 12/31 MP: 2/2
   383 | D:5      | Entered Level 5 of the Dungeon
   383 | D:5      | Found Luacw's General Store.
   387 | D:5      | Bought a scroll of teleportation for 33 gold pieces
   446 | D:5      | Noticed a gnoll sergeant
   447 | D:5      | Gained mutation: You can translocate small distances at will. [potion of mutation]
   447 | D:5      | Gained mutation: You have a beak for a mouth. [potion of mutation]
   447 | D:5      | HP: 1/31 [poisoned by an adder]
   451 | D:5      | Succumbed to an adder's poison

Skill      XL: |  1  2 |
---------------+-------+-----
Axes           | 3 4 |  4.9
Fighting       | |  3.6
Armour         | |  3.6
Shields        | |  3.6

Action                   || total
-------------------------++-------
Melee: War axe           ||    71
       Headbutt          ||     7
  Use: Potion            ||     4
       Scroll            ||     1
Armor: Scale mail        ||    35
       Ring mail         ||    17
Dodge: Dodged            ||    35
Block: Shield            ||    66

Table legend:
 A = Turns spent in this place as a percentage of turns spent in the entire game.
 B = Non-inter-level travel turns spent in this place as a percentage of non-inter-level travel turns spent in the entire game.
 C = Inter-level travel turns spent in this place as a percentage of turns spent in this place.
 D = Turns resting spent in this place as a percentage of non-inter-level travel turns spent in this place.
 E = Turns spent auto-exploring this place as a percentage of non-inter-level travel turns spent in this place.
 F = Non-inter-level travel turns spent in this place divided by the number of levels of this place that you've seen.
                   A       B       C       D       E      F
               +-------+-------+-------+-------+-------+----------------------
         Total | 100.0 | 100.0 |   0.0 |   0.0 |   0.0 |  77.8
       Dungeon | 100.0 | 100.0 |   0.0 |   0.0 |   0.0 |  77.8
               +-------+-------+-------+-------+-------+----------------------

Table legend:
 A = Kills in this place as a percentage of kills in entire the game.
 B = Kills by you in this place as a percentage of kills by you in the entire game.
 C = Kills by friends in this place as a percentage of kills by friends in the entire game.
 D = Other kills in this place as a percentage of other kills in the entire game.
 E = Experience gained in this place as a percentage of experience gained in the entire game.
 F = Experience gained in this place divided by the number of levels of this place that you have seen.
                   A       B       C       D       E      F
               +-------+-------+-------+-------+-------+----------------------
         Total | 100.0 | 100.0 |  -nan |  -nan | 100.0 |  13.0
       Dungeon | 100.0 | 100.0 |  -nan |  -nan | 100.0 |  13.0
               +-------+-------+-------+-------+-------+----------------------
